 Dungeon Crawl Stone Soup version bcrawl-1.14 (webtiles) character file.

Game seed: 12697365929303678690

781 Revguard the Magician (level 7, -14/45 HPs)
             Began as a Fairy Air Elementalist on Sept 9, 2019.
             Demolished by a two-headed ogre
             ... wielding a +0 giant spiked club
              (22 damage)
             ... on level 4 of the Dungeon.
             The game lasted 00:16:58 (2908 turns).

Revguard the Magician (Fairy Air Elementalist)      Turns: 2908, Time: 00:16:58

Health: -14/45     AC:  7    Str:  6    XL:     7   Next: 85%
Magic:  3/19       EV: 19    Int: 23    God:
Gold:   113        SH:  5    Dex: 15    Spells: 4/19 levels left

rFire    . . .     SeeInvis .   j - +1 dagger (venom)
rCold    + . .     Gourm    .   (shield restricted)
rNeg     . . .     Faith    .   (armour unavailable)
rPois    .         Spirit   .   i - +0 helmet
rElec    .         Reflect  .   k - +0 cloak
rCorr    .         Harm     .   (no gloves)
MR       +....                  (no boots)
Stlth    +.........             n - amulet of regeneration
HPRegen  0.55/turn              f - ring of protection from magic
MPRegen  0.16/turn              g - ring of protection from cold

@: brilliant, flying evasively, very slightly contaminated
A: small, magic attunement, unstealthy, unfitting armour, able to fly, AC/SH +5
a: Stop Flying


You were on level 4 of the Dungeon.
You were not hungry.

You visited 1 branch of the dungeon, and saw 4 of its levels.

You collected 113 gold pieces.

Inventory:

Hand Weapons
 j - a +1 dagger of venom (weapon)
Armour
 i - a +0 helmet (worn)
 k - a +0 cloak (worn)
Jewellery
 f - a ring of protection from magic (left hand)
 g - a ring of protection from cold (right hand)
 n - an amulet of regeneration (around neck)
Scrolls
 c - a scroll of identify
 e - a scroll of enchant weapon
Potions
 a - a potion of cancellation
 l - a potion of mutation {unknown}
 m - a potion of invisibility {unknown}
Comestibles
 b - 6 rations {!d}
 d - 2 chunks of flesh


   Skills:
 * Level 2.4 Fighting
 * Level 4.7 Dodging
 - Level 1.5 Stealth
 + Level 6.7 Spellcasting
 * Level 3.8 Conjurations
 + Level 0.2 Charms
 + Level 6.0 Air Magic


You had 4 spell levels left.
You knew the following spells:

 Your Spells              Type           Power        Failure   Level  Hunger
a - Shock                 Conj/Air       #####        1%          1    None
b - Swiftness             Chrm/Air       #####...     1%          2    None
c - Static Discharge      Air            #####...     1%          3    None
d - Airstrike             Air            #####.....   1%          4    None
e - Lightning Bolt        Conj/Air       #####.....   3%          5    None

Your spell library contained the following spells:

 Spells                   Type           Power        Failure   Level  Hunger


Dungeon Overview and Level Annotations

Branches:
Dungeon (4/12)
 Temple: D:4-7

Altars:
Fedhas
Ru
Wu Jian

Annotations:
D:4 Dowan, Duvessa


Innate Abilities, Weirdness & Mutations

Your spells do not cause hunger and MP costs are reduced by 1.
Your bright wings attract enemies. (Stealth-)
You cannot fit into any form of body armour.
Your shimmering scales are hard and can block incoming attacks. (AC +5, SH +5)
You are small and have problems with some larger weapons.
You can fly continuously.


Message History

You are struck by an arc of lightning.
* * * LOW HITPOINT WARNING * * *
The two-headed ogre is struck by an arc of lightning.
The two-headed ogre is heavily wounded.
The lightning grounds out.
You block the orc priest's attack.
Casting: Static Discharge (safe; 1% risk of failure)
Confirm with . or Enter, or press ? or * to list all spells.
The ogre is struck by an arc of lightning!
The ogre is moderately wounded.
You are struck by an arc of lightning.
* * * LOW HITPOINT WARNING * * *
The lightning grounds out.
The two-headed ogre is struck by an arc of lightning!
The two-headed ogre is severely wounded.
The orc is struck by an arc of lightning.
The orc is moderately wounded.
The lightning grounds out.
You block the orc priest's attack. You block the two-headed ogre's attack.
The two-headed ogre hits you with a cursed -3 giant club!!
You die...

......### .............###
...o...........
..........#...# #####
..............# #...#
............####...###
#.o........<.##.....# .
##..Oo................ ....#
##...#@#.##............
#..##....#O####............
#.........Z.#.....†........
............................#
.....................)...##†.#
.............................#
.....##......................#
..... #...............†###)...
......##.............#.#..÷..#


You could see a two-headed ogre, an ogre, an orc priest, an orc wizard, an orc
and a bullfrog skeleton.

Vanquished Creatures
  A sky beast (D:4)
  3 ogres
  A scorpion (D:3)
  A howler monkey (D:4)
  A crimson imp (D:4)
  An orc priest (D:2)
  5 orc wizards
  A worker ant (D:4)
  2 adders (D:3)
  A shadow imp (D:4)
  An ooze (D:3)
  3 worms
  2 dart slugs
  6 leopard geckos
  11 orcs
  4 bats
  2 giant cockroaches
  11 hobgoblins
  8 kobolds
  2 quokkas
  2 ball pythons
  5 goblins
  A rat (D:1)
75 creatures vanquished.

Notes
Turn   | Place    | Note
-------+----------+-------------------------------------------
     0 | D:1      | Revguard the Fairy Air Elementalist began the quest for the
                  | Orb.
     0 | D:1      | Reached XP level 1. HP: 11/11 MP: 6/6
   109 | D:1      | Reached XP level 2. HP: 12/17 MP: 7/7
   153 | D:1      | Learned a level 2 spell: Swiftness
   420 | D:2      | Reached XP level 3. HP: 22/22 MP: 9/9
   489 | D:2      | Learned a level 3 spell: Static Discharge
   761 | D:2      | Noticed an ogre
   790 | D:2      | Killed an ogre
   790 | D:2      | Reached skill level 1 in Fighting
   790 | D:2      | Reached XP level 4. HP: 28/28 MP: 10/12
   790 | D:2      | Reached XP level 5. HP: 33/33 MP: 10/13
   836 | D:2      | Learned a level 4 spell: Airstrike
  1612 | D:3      | Reached XP level 6. HP: 9/38 MP: 15/15
  1618 | D:3      | Reached skill level 5 in Spellcasting
  1998 | D:3      | Found a sacrificial altar of Ru.
  2001 | D:3      | Reached skill level 5 in Air Magic
  2051 | D:3      | Learned a level 5 spell: Lightning Bolt
  2151 | D:3      | Reached XP level 7. HP: 44/44 MP: 12/17
  2280 | D:3      | Found an ornate altar of the Wu Jian Council.
  2304 | D:3      | Found a blossoming altar of Fedhas.
  2697 | D:4      | Noticed Duvessa
  2697 | D:4      | Noticed Dowan
  2832 | D:4      | Noticed a two-headed ogre
  2908 | D:4      | Demolished by a two-headed ogre

Skill      XL: |  1  2  3  4  5  6  7 |
---------------+----------------------+-----
Air Magic      | 4 5 6 |  6.0
Spellcasting   | 3 4 5 6 |  6.7
Dodging        | 3 4 |  4.7
Fighting       | 1 2 |  2.4
Conjurations   | 2 3 |  3.8
Stealth        | |  1.5
Charms         | |  0.2

Action                   |  1- 3 |  4- 6 |  7- 9 || total
-------------------------+-------+-------+-------++-------
Melee: Unarmed           |     1 |       |       ||     1
       Dagger            |     7 |     1 |    12 ||    20
 Cast: Shock             |    81 |    79 |    45 ||   205
       Swiftness         |     1 |       |       ||     1
       Static Discharge  |       |    11 |    16 ||    27
       Lightning Bolt    |       |       |     2 ||     2
       Airstrike         |       |       |     2 ||     2
  Use: Scroll            |     2 |     3 |     1 ||     6
       Potion            |       |     2 |     1 ||     3
  Eat: Chunk             |       |     4 |     2 ||     6
Armor: Skin              |    11 |     3 |     5 ||    19
Dodge: Dodged            |    30 |    20 |    27 ||    77
Block: Other             |     5 |     6 |    12 ||    23
